Monarchs vs Influenza
Created - 16 février 2017 at 22:08
Goals
|
| Monarchs |
0 |
2 |
1 |
0 |
0 |
3 |
| Influenza |
0 |
2 |
1 |
0 |
1 |
4 |
|
Shots
|
| Monarchs |
9 |
14 |
11 |
4 |
4 |
38 |
| Influenza |
5 |
10 |
16 |
0 |
4 |
31 |
|
1st period
No Goal
Penalties :
No Penalty
2nd period
1. Monarchs , Alec Martinez 1 (Justin Faulk, Tyler Toffoli) at 7:38
2. Influenza , Jamie Benn 26 (Ben Smith, Evgeny Grachev) at 8:55
3. Influenza , Corey Tropp 7 (Andreas Engqvist, Jordan Schroeder) at 12:57
4. Monarchs , Justin Faulk 3 (Alec Martinez, Jhonas Enroth) at 15:01
Penalties :
Mathieu Carle (VJB) for Tripping (Minor) at 9:40, Zac Rinaldo (MAN) for Hooking (Minor) at 17:51
3rd period
5. Monarchs , Shawn Matthias 20 (Johnny Gaudreau) at 3:27 (PP)
6. Influenza , Martins Karsums 16 (Evgeny Grachev, Jamie Benn) at 16:10 (PP)
Penalties :
Matt Corrente (VJB) for Hooking (Minor) at 1:02, Martins Karsums (VJB) for Tripping (Minor) at 3:26, Justin Faulk (MAN) for Holding (Minor) at 5:00, Kyle Clifford (MAN) for Hooking (Minor) at 13:11, Zac Rinaldo (MAN) for Roughing (Minor) at 16:00, Zac Rinaldo (MAN) for Tripping (Minor) at 16:43
Overtime #1
No Goal
Penalties :
No Penalty
Shootout
Penalty Shot by Riley Cote for Monarchs - Stopped by Olivier Roy
Penalty Shot by Jamie Benn for Influenza - Stopped by Jhonas Enroth
Penalty Shot by Justin Williams for Monarchs - Shot Misses the Net
Penalty Shot by Robbie Earl for Influenza - Stopped by Jhonas Enroth
Penalty Shot by Matt Irwin for Monarchs - Stopped by Olivier Roy
Penalty Shot by Ben Smith for Influenza - Stopped by Jhonas Enroth
Penalty Shot by Shawn Matthias for Monarchs - Shot Misses the Net
Penalty Shot by John Klingberg for Influenza - Goal!
Penalties :
No Penalty
Goalie Stats
Jhonas Enroth (MAN), 28 saves from 31 shots - (0,903), OTL, 22-9-7, 65:00 minutes
Olivier Roy (VJB), 35 saves from 38 shots - (0,921), W, 5-5-1, 65:00 minutes
Players Stats for Monarchs
Player Name G A P +/- PIM S H SB GA TA FO MP PP MP PK MP
------------------------------------------------------------------------------------
Alec Martinez 1 1 2 0 0 5 2 1 2 0 0/0 31:01 2:38 5:31
Alexandre Grenier 0 0 0 -1 0 0 1 0 0 0 0/0 13:46 0:00 4:24
Anthony Peluso 0 0 0 0 0 0 0 0 0 0 0/0 0:00 0:00 0:00
Johnny Gaudreau 0 1 1 0 0 2 1 0 0 0 1/2 17:52 2:11 1:55
Justin Faulk 1 1 2 1 2 5 1 2 0 1 0/0 20:34 1:21 0:00
Justin Williams 0 0 0 1 0 4 2 3 4 1 0/2 18:16 1:21 0:00
Kyle Clifford 0 0 0 1 2 2 1 2 0 0 1/1 18:51 1:48 1:37
Mark Stone 0 0 0 0 0 1 1 0 0 0 0/0 14:04 2:11 0:00
Matt Irwin 0 0 0 0 0 1 0 1 0 0 0/0 19:04 2:38 0:00
Matt Tennyson 0 0 0 0 0 1 2 4 0 2 0/0 27:42 0:00 2:35
Mika Zibanejad 0 0 0 0 0 2 4 0 0 1 0/1 16:34 1:48 0:55
Riley Cote 0 0 0 0 0 5 2 0 1 0 5/8 18:11 0:00 4:19
Ryan White 0 0 0 -1 0 2 1 0 0 0 1/1 8:50 0:00 0:00
Shawn Matthias 1 0 1 1 0 2 0 0 0 0 9/21 19:15 2:11 2:09
Theo Peckham 0 0 0 0 0 0 1 1 0 1 0/0 9:05 0:00 5:31
Tom Gilbert 0 0 0 -1 0 1 0 0 0 0 0/0 20:33 0:00 2:35
Tyler McNeely 0 0 0 -1 0 2 4 0 0 0 0/0 8:50 0:00 0:00
Tyler Toffoli 0 1 1 0 0 0 0 0 0 0 7/12 14:22 1:48 0:00
Zac Rinaldo 0 0 0 0 6 3 1 0 1 0 3/10 14:59 0:00 0:53
Players Stats for Influenza
Player Name G A P +/- PIM S H SB GA TA FO MP PP MP PK MP
------------------------------------------------------------------------------------
Andreas Engqvist 0 1 1 1 0 0 3 1 0 0 3/4 9:14 0:00 0:00
Ben Smith 0 1 1 -1 0 2 1 1 0 0 1/1 22:19 3:36 2:19
Carl Gunnarsson 0 0 0 -2 0 0 3 0 0 1 0/0 22:12 3:28 1:57
Charlie Coyle 0 0 0 0 0 0 1 1 0 0 2/4 18:12 3:33 1:03
Corey Tropp 1 0 1 1 0 3 0 0 0 0 0/0 9:33 0:00 0:00
Evgeny Grachev 0 2 2 -1 0 3 2 1 0 1 19/40 22:59 4:30 2:15
Jamie Benn 1 1 2 -1 0 8 2 1 2 0 0/0 22:30 4:30 1:40
Jeff May 0 0 0 1 0 0 0 0 0 2 0/0 14:25 0:00 1:54
Jeremy Morin 0 0 0 0 0 0 2 0 0 0 0/0 13:12 0:00 0:00
John Klingberg 0 0 0 1 0 4 1 2 0 1 0/0 30:44 4:38 2:13
Jordan Schroeder 0 1 1 0 0 0 1 1 1 0 6/8 13:50 0:03 0:41
Martins Karsums 1 0 1 0 2 3 2 0 1 1 0/1 16:30 4:30 0:00
Mathieu Carle 0 0 0 0 2 3 2 3 0 0 0/0 28:59 4:38 1:04
Matt Corrente 0 0 0 -2 2 0 3 0 0 1 0/0 20:52 3:28 0:18
Robbie Earl 0 0 0 0 0 3 3 0 1 1 0/0 16:34 3:36 0:00
Ryan Russell 0 0 0 1 0 0 2 0 0 0 0/0 9:48 0:00 0:00
T.J Galiardi 0 0 0 0 0 2 0 0 0 0 0/0 10:56 0:00 0:00
Tim Erixon 0 0 0 2 0 0 0 0 1 0 0/0 13:09 0:00 0:32
3 Stars
1 - Alec Martinez (MAN)
2 - Justin Faulk (MAN)
3 - Jamie Benn (VJB)
Power Play
Monarchs - 1 on 3 Attempt(s) - 33,33%
Influenza - 1 on 5 Attempt(s) - 20,00%
Penalty Kill
Monarchs - 4 on 5 Attempt(s) - 80,00%
- Score 0 goal in Penalty Kill
Influenza - 2 on 3 Attempt(s) - 66,67%
- Score 0 goal in Penalty Kill
Team Stat
Monarchs - Hits : 24 - Faceoff Wins : 27 - Blocked Shots : 14 - Penalty Minutes : 10
Influenza - Hits : 28 - Faceoff Wins : 31 - Blocked Shots : 11 - Penalty Minutes : 6
Official
Referees : Hasenfratz Mike and McCauley Wes
Linesman : Mark Wheler and Brad Kovachik
Game Notes
No Game Note
Finance
Level 1 -- Attendance: 1562 (78,10%) -- Ticket Income 62 480 $
Level 2 -- Attendance: 677 (67,70%) -- Ticket Income 13 540 $
Total Attendance: 2239 (74,63%)
Total Ticket Income: 76 020 $
Other Income: 3 801 $
Total Income: 79 821 $
Monarchs
5 vs 5 Forward
Center Left Wing Right Wing Time % Phy DF OF
1 Shawn Matthias Kyle Clifford Justin Williams 35 0 2 2
2 Tyler Toffoli Johnny Gaudreau Mika Zibanejad 30 1 2 2
3 Zac Rinaldo Riley Cote Mark Stone 25 1 2 2
4 Ryan White Tyler McNeely Alexandre Grenier 10 1 2 2
5 vs 5 Defense
Defense Defense Time % Phy DF OF
1 Alec Martinez Justin Faulk 35 0 3 2
2 Matt Irwin Matt Tennyson 35 0 3 2
3 Matt Tennyson Tom Gilbert 25 1 3 1
4 Tom Gilbert Alec Martinez 5 1 3 1
PowerPlay Forward
Center Left Wing Right Wing Time % Phy DF OF
1 Shawn Matthias Johnny Gaudreau Mark Stone 60 0 1 4
2 Tyler Toffoli Kyle Clifford Mika Zibanejad 40 0 1 4
PowerPlay Defense
Defense Defense Time % Phy DF OF
1 Matt Irwin Alec Martinez 60 0 2 3
2 Justin Faulk Justin Williams 40 0 2 3
Penalty Kill 4 Players Forward
Center Wing Time % Phy DF OF
1 Riley Cote Alexandre Grenier 60 1 2 2
2 Shawn Matthias Zac Rinaldo 40 1 2 2
Penalty Kill 4 Players Defense
Defense Defense Time % Phy DF OF
1 Alec Martinez Theo Peckham 60 1 2 2
2 Tom Gilbert Matt Tennyson 40 1 2 2
Penalty Kill - 3 Players Forward
Forward Time % Phy DF OF
1 Riley Cote 60 1 2 2
2 Shawn Matthias 40 1 2 2
Penalty Kill - 3 Players Defense
Defense Defense Time % Phy DF OF
1 Theo Peckham Tom Gilbert 60 1 2 2
2 Matt Tennyson Alec Martinez 40 1 2 2
4 vs 4 Forward
Center Wing Time % Phy DF OF
1 Riley Cote Justin Williams 60 1 2 2
2 Shawn Matthias Johnny Gaudreau 40 1 2 2
4 vs 4 Defense
Defense Defense Time % Phy DF OF
1 Matt Irwin Alec Martinez 60 1 2 2
2 Tom Gilbert Matt Tennyson 40 1 2 2
Last Minutes Offensive
Center Left Wing Right Wing Defense Defense
Shawn Matthias Kyle Clifford Justin Williams Justin Faulk Matt Irwin
Last Minutes Defensive
Center Left Wing Right Wing Defense Defense
Shawn Matthias Riley Cote Alexandre Grenier Alec Martinez Theo Peckham
Goaltenders
Starting : Jhonas Enroth
Backup : Andrew Hammond
Extra Forwards
Normal : Johnny Gaudreau, Zac Rinaldo, Mika Zibanejad - PP : Shawn Matthias, Zac Rinaldo - PK : Kyle Clifford
Extra Defensemen
Normal : Matt Irwin, Justin Faulk, Alec Martinez - PP : Matt Tennyson - PK : Justin Faulk, Matt Irwin
Penalty Shots
Riley Cote, Justin Williams, Matt Irwin, Shawn Matthias, Kyle Clifford
Influenza
5 vs 5 Forward
Center Left Wing Right Wing Time % Phy DF OF
1 Evgeny Grachev Jamie Benn Ben Smith 40 1 2 2
2 Charlie Coyle Robbie Earl Martins Karsums 30 1 2 2
3 Jordan Schroeder T.J Galiardi Jeremy Morin 20 1 2 2
4 Andreas Engqvist Ryan Russell Corey Tropp 10 1 2 2
5 vs 5 Defense
Defense Defense Time % Phy DF OF
1 John Klingberg Mathieu Carle 40 1 2 2
2 Carl Gunnarsson Matt Corrente 30 1 2 2
3 Tim Erixon Jeff May 20 1 2 2
4 John Klingberg Mathieu Carle 10 1 2 2
PowerPlay Forward
Center Left Wing Right Wing Time % Phy DF OF
1 Evgeny Grachev Jamie Benn Martins Karsums 60 1 2 2
2 Charlie Coyle Robbie Earl Ben Smith 40 1 2 2
PowerPlay Defense
Defense Defense Time % Phy DF OF
1 John Klingberg Mathieu Carle 60 1 2 2
2 Carl Gunnarsson Matt Corrente 40 1 2 2
Penalty Kill 4 Players Forward
Center Wing Time % Phy DF OF
1 Evgeny Grachev Ben Smith 60 1 2 2
2 Charlie Coyle Jamie Benn 40 1 2 2
Penalty Kill 4 Players Defense
Defense Defense Time % Phy DF OF
1 John Klingberg Mathieu Carle 60 1 2 2
2 Carl Gunnarsson Matt Corrente 40 1 2 2
Penalty Kill - 3 Players Forward
Forward Time % Phy DF OF
1 Evgeny Grachev 60 1 2 2
2 Charlie Coyle 40 1 2 2
Penalty Kill - 3 Players Defense
Defense Defense Time % Phy DF OF
1 John Klingberg Mathieu Carle 60 1 2 2
2 Carl Gunnarsson Matt Corrente 40 1 2 2
4 vs 4 Forward
Center Wing Time % Phy DF OF
1 Evgeny Grachev Ben Smith 60 1 2 2
2 Charlie Coyle Jamie Benn 40 1 2 2
4 vs 4 Defense
Defense Defense Time % Phy DF OF
1 John Klingberg Mathieu Carle 60 1 2 2
2 Carl Gunnarsson Matt Corrente 40 1 2 2
Last Minutes Offensive
Center Left Wing Right Wing Defense Defense
Evgeny Grachev Jamie Benn Martins Karsums John Klingberg Mathieu Carle
Last Minutes Defensive
Center Left Wing Right Wing Defense Defense
Charlie Coyle Robbie Earl Ben Smith John Klingberg Mathieu Carle
Goaltenders
Starting : Olivier Roy
Backup : Tyson Sexsmith
Extra Forwards
Normal : Charlie Coyle, Ben Smith, Jeremy Morin - PP : Evgeny Grachev, Ben Smith - PK : Charlie Coyle
Extra Defensemen
Normal : Carl Gunnarsson, John Klingberg, Matt Corrente - PP : Carl Gunnarsson - PK : Carl Gunnarsson, Mathieu Carle
Penalty Shots
Jamie Benn, Robbie Earl, Ben Smith, John Klingberg, Evgeny Grachev
% Time on Ice - Monarchs
Lines # - Real PCT - Wanted PCT - Time Play
Normal Forward
1 - 31% - 35% - 14:46
2 - 26% - 30% - 12:21
3 - 25% - 25% - 11:58
4 - 18% - 10% - 8:50
Normal Defense
1 - 35% - 35% - 16:55
2 - 35% - 35% - 16:39
3 - 22% - 25% - 10:35
4 - 8% - 5% - 3:46
PP Forward
1 - 55% - 60% - 2:11
2 - 45% - 40% - 1:48
PP Defense
1 - 66% - 60% - 2:38
2 - 34% - 40% - 1:21
PK Forward
1 - 73% - 60% - 5:57
2 - 27% - 40% - 2:09
PK Defense
1 - 68% - 60% - 5:31
2 - 32% - 40% - 2:35
PK3 Forward
1 - 0% - 60%
2 - 0% - 40%
PK3 Defense
1 - 0% - 60%
2 - 0% - 40%
44 Forward
1 - 91% - 60% - 4:32
2 - 9% - 40% - 0:28
44 Defense
1 - 62% - 60% - 3:07
2 - 38% - 40% - 1:53
Last Minute Offensive - 0:00
Last Minute Defensive - 0:00
Total
Forward - 65:00
Defense - 65:00
|
% Time on Ice - Influenza
Lines # - Real PCT - Wanted PCT - Time Play
Normal Forward
1 - 32% - 40% - 15:28
2 - 26% - 30% - 12:17
3 - 23% - 20% - 10:56
4 - 19% - 10% - 9:14
Normal Defense
1 - 40% - 40% - 18:57
2 - 31% - 30% - 14:53
3 - 25% - 20% - 11:54
4 - 5% - 10% - 2:11
PP Forward
1 - 56% - 60% - 4:30
2 - 44% - 40% - 3:36
PP Defense
1 - 57% - 60% - 4:38
2 - 43% - 40% - 3:28
PK Forward
1 - 82% - 60% - 3:17
2 - 18% - 40% - 0:42
PK Defense
1 - 69% - 60% - 2:45
2 - 31% - 40% - 1:14
PK3 Forward
1 - 0% - 60%
2 - 0% - 40%
PK3 Defense
1 - 0% - 60%
2 - 0% - 40%
44 Forward
1 - 96% - 60% - 4:49
2 - 4% - 40% - 0:11
44 Defense
1 - 57% - 60% - 2:51
2 - 43% - 40% - 2:09
Last Minute Offensive - 0:00
Last Minute Defensive - 0:00
Total
Forward - 65:00
Defense - 65:00
|
Play by Play
1st period
0:01 of 1st period - Shawn Matthias wins face-off versus Evgeny Grachev in neutral zone.
0:10 of 1st period - Mathieu Carle is hit by Kyle Clifford and loses puck.
0:30 of 1st period - Wrist shot by Martins Karsums.
0:30 of 1st period - Shot Misses the Net.
0:51 of 1st period - Snap shot by Mark Stone.
0:51 of 1st period - Shot Misses the Net.
0:53 of 1st period - Slapshot by Matt Tennyson.
0:53 of 1st period - Deflect By Carl Gunnarsson.
0:53 of 1st period - Stopped by Olivier Roy with a rebound.
0:57 of 1st period - Wrist shot by Riley Cote.
0:57 of 1st period - Deflect By Zac Rinaldo.
0:57 of 1st period - Stopped by Olivier Roy with a rebound.
1:15 of 1st period - Slapshot by Matt Corrente.
1:15 of 1st period - Shot Misses the Net.
1:33 of 1st period - Snap shot by Ben Smith.
1:33 of 1st period - Stopped by Jhonas Enroth without a rebound.
1:34 of 1st period - Tyler Toffoli wins face-off versus Evgeny Grachev in Monarchs zone.
1:45 of 1st period - Ben Smith is hit by Alec Martinez and loses puck.
2:00 of 1st period - Alec Martinez is hit by Robbie Earl and loses puck.
3:27 of 1st period - Matt Tennyson is hit by Matt Corrente and loses puck.
3:48 of 1st period - Snap shot by Justin Williams.
3:48 of 1st period - Shot Hit the Post.
3:50 of 1st period - Wrist shot by Zac Rinaldo.
3:50 of 1st period - Shot Blocked by Jordan Schroeder.
3:52 of 1st period - Wrist shot by Zac Rinaldo.
3:52 of 1st period - Stopped by Olivier Roy with a rebound.
3:54 of 1st period - Slapshot by Riley Cote.
3:54 of 1st period - Stopped by Olivier Roy with a rebound.
3:56 of 1st period - Wrist shot by Riley Cote.
3:56 of 1st period - Stopped by Olivier Roy without a rebound.
3:57 of 1st period - Evgeny Grachev wins face-off versus Johnny Gaudreau in Influenza zone.
3:59 of 1st period - Icing by Jamie Benn.
4:00 of 1st period - Tyler Toffoli wins face-off versus Evgeny Grachev in Influenza zone.
4:13 of 1st period - Snap shot by Ben Smith.
4:13 of 1st period - Shot Blocked by Matt Tennyson.
5:17 of 1st period - Snap shot by Ryan White.
5:17 of 1st period - Shot Misses the Net.
5:19 of 1st period - Slapshot by Justin Faulk.
5:19 of 1st period - Shot Blocked by Mathieu Carle.
5:53 of 1st period - Slapshot by Matt Corrente.
5:53 of 1st period - Shot Misses the Net.
5:55 of 1st period - Backhand shot by Charlie Coyle.
5:55 of 1st period - Shot Misses the Net.
6:11 of 1st period - Shawn Matthias is hit by Jeremy Morin and loses puck.
7:33 of 1st period - Matt Tennyson is hit by Matt Corrente and loses puck.
7:51 of 1st period - Ben Smith is hit by Theo Peckham and loses puck.
8:16 of 1st period - Snap shot by Tyler Toffoli.
8:16 of 1st period - Shot Hit the Post.
8:18 of 1st period - Slapshot by Alec Martinez.
8:18 of 1st period - Shot Misses the Net.
8:20 of 1st period - Slapshot by Alec Martinez.
8:20 of 1st period - Shot Blocked by Charlie Coyle.
8:34 of 1st period - Carl Gunnarsson is hit by Riley Cote and loses puck.
8:52 of 1st period - Icing by Alec Martinez.
8:53 of 1st period - Jordan Schroeder wins face-off versus Zac Rinaldo in Monarchs zone.
8:54 of 1st period - Slapshot by John Klingberg.
8:54 of 1st period - Shot Blocked by Justin Faulk.
9:45 of 1st period - Tyler Toffoli is hit by Jeremy Morin and loses puck.
10:00 of 1st period - Jeff May is hit by Tyler McNeely and loses puck.
10:07 of 1st period - Tyler McNeely is hit by Andreas Engqvist and loses puck.
11:15 of 1st period - Snap shot by Corey Tropp.
11:15 of 1st period - Stopped by Jhonas Enroth without a rebound.
11:16 of 1st period - Shawn Matthias wins face-off versus Andreas Engqvist in Monarchs zone.
11:44 of 1st period - Riley Cote is hit by Ryan Russell and loses puck.
11:51 of 1st period - Slapshot by Mathieu Carle.
11:51 of 1st period - Stopped by Jhonas Enroth without a rebound.
11:52 of 1st period - Evgeny Grachev wins face-off versus Tyler Toffoli in Monarchs zone.
12:01 of 1st period - Slapshot by Evgeny Grachev.
12:01 of 1st period - Stopped by Jhonas Enroth with a rebound.
12:19 of 1st period - Matt Irwin is hit by Robbie Earl.
13:00 of 1st period - Jamie Benn is hit by Ryan White and loses puck.
13:25 of 1st period - Mika Zibanejad is hit by Andreas Engqvist and loses puck.
13:32 of 1st period - Slapshot by Tom Gilbert.
13:32 of 1st period - Shot Blocked by Andreas Engqvist.
13:42 of 1st period - Tim Erixon is hit by Justin Williams and loses puck.
14:06 of 1st period - Robbie Earl is hit by Riley Cote and loses puck.
14:14 of 1st period - Off-side.
14:15 of 1st period - Ryan White wins face-off versus Evgeny Grachev in neutral zone.
14:29 of 1st period - Ben Smith is hit by Tyler McNeely and loses puck.
14:48 of 1st period - Snap shot by Robbie Earl.
14:48 of 1st period - Shot Blocked by Alec Martinez.
16:09 of 1st period - Wrist shot by Justin Williams.
16:09 of 1st period - Stopped by Olivier Roy with a rebound.
16:11 of 1st period - Snap shot by Kyle Clifford.
16:11 of 1st period - Stopped by Olivier Roy with a rebound.
16:13 of 1st period - Slapshot by Justin Faulk.
16:13 of 1st period - Stopped by Olivier Roy with a rebound.
16:15 of 1st period - Snap shot by Kyle Clifford.
16:15 of 1st period - Shot Misses the Net.
17:07 of 1st period - Evgeny Grachev is hit by Tyler McNeely and loses puck.
17:27 of 1st period - Backhand shot by Justin Williams.
17:27 of 1st period - Stopped by Olivier Roy without a rebound.
17:28 of 1st period - Shawn Matthias wins face-off versus Jordan Schroeder in Influenza zone.
18:20 of 1st period - Icing by Matt Corrente.
18:21 of 1st period - Andreas Engqvist wins face-off versus Shawn Matthias in Influenza zone.
18:32 of 1st period - Ryan Russell is hit by Alec Martinez and loses puck.
19:56 of 1st period - Slapshot by John Klingberg.
19:56 of 1st period - Stopped by Jhonas Enroth with a rebound.
19:58 of 1st period - Snap shot by Corey Tropp.
19:58 of 1st period - Shot Misses the Net.
Goals for this period are 0 for Monarchs vs 0 for Influenza.
Shots for this period are 9 for Monarchs vs 5 for Influenza.
2nd period
0:01 of 2nd period - Tyler Toffoli wins face-off versus Evgeny Grachev in neutral zone.
0:44 of 2nd period - Wrist shot by T.J Galiardi.
0:44 of 2nd period - Shot Blocked by Kyle Clifford.
0:46 of 2nd period - Slapshot by Jeremy Morin.
0:46 of 2nd period - Deflect By Jordan Schroeder.
0:46 of 2nd period - Shot Blocked by Kyle Clifford.
0:46 of 2nd period - Puck is out of play.
0:47 of 2nd period - Jordan Schroeder wins face-off versus Justin Williams in Monarchs zone.
1:26 of 2nd period - Snap shot by Kyle Clifford.
1:26 of 2nd period - Shot Blocked by John Klingberg.
1:28 of 2nd period - Snap shot by Alec Martinez.
1:28 of 2nd period - Stopped by Olivier Roy without a rebound.
1:29 of 2nd period - Evgeny Grachev wins face-off versus Tyler Toffoli in Influenza zone.
1:36 of 2nd period - Matt Tennyson is hit by Carl Gunnarsson.
2:04 of 2nd period - Snap shot by Riley Cote.
2:04 of 2nd period - Stopped by Olivier Roy without a rebound.
2:05 of 2nd period - Charlie Coyle wins face-off versus Tyler Toffoli in Influenza zone.
2:05 of 2nd period - Charlie Coyle is hit by Matt Tennyson.
2:10 of 2nd period - Mathieu Carle is hit by Matt Tennyson and loses puck.
2:21 of 2nd period - Wrist shot by Johnny Gaudreau.
2:21 of 2nd period - Stopped by Olivier Roy with a rebound.
3:46 of 2nd period - Slapshot by Ryan White.
3:46 of 2nd period - Stopped by Olivier Roy with a rebound.
3:48 of 2nd period - Wrist shot by Ryan White.
3:48 of 2nd period - Shot Misses the Net.
4:02 of 2nd period - Snap shot by Jamie Benn.
4:02 of 2nd period - Shot Misses the Net.
4:04 of 2nd period - Slapshot by Carl Gunnarsson.
4:04 of 2nd period - Deflect By Evgeny Grachev.
4:04 of 2nd period - Shot Misses the Net.
4:04 of 2nd period - Puck is out of play.
4:05 of 2nd period - Shawn Matthias wins face-off versus Evgeny Grachev in Monarchs zone.
4:12 of 2nd period - Wrist shot by Justin Williams.
4:12 of 2nd period - Stopped by Olivier Roy without a rebound.
4:13 of 2nd period - Evgeny Grachev wins face-off versus Shawn Matthias in Influenza zone.
4:26 of 2nd period - Wrist shot by Jamie Benn.
4:26 of 2nd period - Stopped by Jhonas Enroth with a rebound.
4:28 of 2nd period - Wrist shot by Jeff May.
4:28 of 2nd period - Deflect By Evgeny Grachev.
4:28 of 2nd period - Shot Misses the Net.
4:28 of 2nd period - Puck is out of play.
4:29 of 2nd period - Tyler Toffoli wins face-off versus Martins Karsums in Monarchs zone.
4:42 of 2nd period - Snap shot by Johnny Gaudreau.
4:42 of 2nd period - Stopped by Olivier Roy with a rebound.
4:44 of 2nd period - Wrist shot by Mika Zibanejad.
4:44 of 2nd period - Stopped by Olivier Roy without a rebound.
4:45 of 2nd period - Zac Rinaldo wins face-off versus Evgeny Grachev in Influenza zone.
5:10 of 2nd period - Mathieu Carle is hit by Mika Zibanejad and loses puck.
5:31 of 2nd period - Snap shot by Alec Martinez.
5:31 of 2nd period - Shot Misses the Net.
6:12 of 2nd period - Alec Martinez is hit by Matt Corrente and loses puck.
6:49 of 2nd period - Slapshot by T.J Galiardi.
6:49 of 2nd period - Deflect By Jordan Schroeder.
6:49 of 2nd period - Shot Misses the Net.
6:49 of 2nd period - Puck is out of play.
6:50 of 2nd period - Jordan Schroeder wins face-off versus Shawn Matthias in Monarchs zone.
6:51 of 2nd period - Wrist shot by T.J Galiardi.
6:51 of 2nd period - Stopped by Jhonas Enroth without a rebound.
6:52 of 2nd period - Shawn Matthias wins face-off versus Jordan Schroeder in Monarchs zone.
7:01 of 2nd period - Snap shot by Kyle Clifford.
7:01 of 2nd period - Shot Misses the Net.
7:07 of 2nd period - Slapshot by John Klingberg.
7:07 of 2nd period - Shot Blocked by Matt Irwin.
7:17 of 2nd period - Justin Williams is hit by Martins Karsums and loses puck.
7:22 of 2nd period - Snap shot by Martins Karsums.
7:22 of 2nd period - Deflect By Robbie Earl.
7:22 of 2nd period - Stopped by Jhonas Enroth with a rebound.
7:26 of 2nd period - Snap shot by Martins Karsums.
7:26 of 2nd period - Deflect By Charlie Coyle.
7:26 of 2nd period - Shot Misses the Net.
7:26 of 2nd period - Puck is out of play.
7:27 of 2nd period - Tyler Toffoli wins face-off versus Evgeny Grachev in Monarchs zone.
7:31 of 2nd period - Justin Faulk is hit by Carl Gunnarsson and loses puck.
7:34 of 2nd period - Slapshot by Alec Martinez.
7:34 of 2nd period - Deflect By Ben Smith.
7:34 of 2nd period - Stopped by Olivier Roy with a rebound.
7:36 of 2nd period - Slapshot by Alec Martinez.
7:36 of 2nd period - Shot Blocked by Ben Smith.
7:38 of 2nd period - Backhand shot by Alec Martinez.
7:38 of 2nd period - Goal by Alec Martinez - Monarchs : 1 - Influenza : 0.
7:39 of 2nd period - Evgeny Grachev wins face-off versus Tyler Toffoli in neutral zone.
8:04 of 2nd period - Riley Cote is hit by Mathieu Carle and loses puck.
8:25 of 2nd period - Snap shot by Kyle Clifford.
8:25 of 2nd period - Stopped by Olivier Roy with a rebound.
8:53 of 2nd period - Slapshot by Ben Smith.
8:53 of 2nd period - Shot Misses the Net.
8:55 of 2nd period - Wrist shot by Jamie Benn.
8:55 of 2nd period - Goal by Jamie Benn - Monarchs : 1 - Influenza : 1.
8:56 of 2nd period - Evgeny Grachev wins face-off versus Tyler Toffoli in neutral zone.
9:11 of 2nd period - Wrist shot by Jamie Benn.
9:11 of 2nd period - Stopped by Jhonas Enroth with a rebound.
9:40 of 2nd period - Minor Penalty to Mathieu Carle for Tripping.
9:41 of 2nd period - Shawn Matthias wins face-off versus Evgeny Grachev in Influenza zone.
9:48 of 2nd period - Snap shot by Shawn Matthias.
9:48 of 2nd period - Shot Misses the Net.
9:50 of 2nd period - Wrist shot by Mark Stone.
9:50 of 2nd period - Stopped by Olivier Roy with a rebound.
9:52 of 2nd period - Slapshot by Matt Irwin.
9:52 of 2nd period - Deflect By Shawn Matthias.
9:52 of 2nd period - Stopped by Olivier Roy without a rebound.
9:53 of 2nd period - Evgeny Grachev wins face-off versus Shawn Matthias in Influenza zone.
10:42 of 2nd period - Snap shot by Jamie Benn.
10:42 of 2nd period - Shot Misses the Net.
10:48 of 2nd period - Mark Stone is hit by Charlie Coyle and loses puck.
11:40 of 2nd period - Penalty to Mathieu Carle is over, Mathieu Carle is back on ice.
11:49 of 2nd period - Carl Gunnarsson is hit by Justin Faulk and loses puck.
12:12 of 2nd period - Snap shot by John Klingberg.
12:12 of 2nd period - Shot Blocked by Justin Williams.
12:34 of 2nd period - Matt Irwin is hit by John Klingberg and loses puck.
12:57 of 2nd period - Slapshot by Corey Tropp.
12:57 of 2nd period - Goal by Corey Tropp - Monarchs : 1 - Influenza : 2.
12:58 of 2nd period - Tyler Toffoli wins face-off versus Evgeny Grachev in neutral zone.
13:08 of 2nd period - Off-side.
13:09 of 2nd period - Evgeny Grachev wins face-off versus Justin Williams in neutral zone.
13:21 of 2nd period - Wrist shot by Jamie Benn.
13:21 of 2nd period - Stopped by Jhonas Enroth with a rebound.
13:23 of 2nd period - Snap shot by Carl Gunnarsson.
13:23 of 2nd period - Shot Blocked by Justin Williams.
13:25 of 2nd period - Slapshot by Jamie Benn.
13:25 of 2nd period - Shot Misses the Net.
13:35 of 2nd period - Charlie Coyle is hit by Mika Zibanejad and loses puck.
14:14 of 2nd period - Slapshot by Justin Faulk.
14:14 of 2nd period - Stopped by Olivier Roy with a rebound.
14:20 of 2nd period - Wrist shot by Corey Tropp.
14:20 of 2nd period - Stopped by Jhonas Enroth with a rebound.
14:22 of 2nd period - Snap shot by Tim Erixon.
14:22 of 2nd period - Shot Blocked by Justin Faulk.
15:01 of 2nd period - Slapshot by Justin Faulk.
15:01 of 2nd period - Goal by Justin Faulk - Monarchs : 2 - Influenza : 2.
15:02 of 2nd period - Evgeny Grachev wins face-off versus Shawn Matthias in neutral zone.
15:05 of 2nd period - Shawn Matthias is hit by Evgeny Grachev and loses puck.
15:38 of 2nd period - Slapshot by Tom Gilbert.
15:38 of 2nd period - Shot Misses the Net.
16:35 of 2nd period - Off-side.
16:36 of 2nd period - Evgeny Grachev wins face-off versus Shawn Matthias in neutral zone.
16:45 of 2nd period - Wrist shot by Jamie Benn.
16:45 of 2nd period - Shot Blocked by Justin Williams.
16:47 of 2nd period - Snap shot by Jamie Benn.
16:47 of 2nd period - Stopped by Jhonas Enroth without a rebound.
16:48 of 2nd period - Ben Smith wins face-off versus Shawn Matthias in Monarchs zone.
16:49 of 2nd period - Wrist shot by Jamie Benn.
16:49 of 2nd period - Shot Misses the Net.
17:19 of 2nd period - Slapshot by John Klingberg.
17:19 of 2nd period - Stopped by Jhonas Enroth with a rebound.
17:43 of 2nd period - Slapshot by T.J Galiardi.
17:43 of 2nd period - Shot Misses the Net.
17:45 of 2nd period - Wrist shot by Jeremy Morin.
17:45 of 2nd period - Shot Misses the Net.
17:51 of 2nd period - Minor Penalty to Zac Rinaldo for Hooking.
17:52 of 2nd period - Riley Cote wins face-off versus Evgeny Grachev in Monarchs zone.
19:29 of 2nd period - Theo Peckham is hit by Martins Karsums.
19:51 of 2nd period - Penalty to Zac Rinaldo is over, Zac Rinaldo is back on ice.
Goals for this period are 2 for Monarchs vs 2 for Influenza.
Shots for this period are 14 for Monarchs vs 10 for Influenza.
3rd period
0:01 of 3rd period - Evgeny Grachev wins face-off versus Shawn Matthias in neutral zone.
0:03 of 3rd period - Off-side.
0:04 of 3rd period - Shawn Matthias wins face-off versus Evgeny Grachev in neutral zone.
0:30 of 3rd period - Slapshot by Martins Karsums.
0:30 of 3rd period - Stopped by Jhonas Enroth with a rebound.
0:32 of 3rd period - Wrist shot by Martins Karsums.
0:32 of 3rd period - Stopped by Jhonas Enroth with a rebound.
0:34 of 3rd period - Snap shot by Robbie Earl.
0:34 of 3rd period - Stopped by Jhonas Enroth with a rebound.
0:36 of 3rd period - Slapshot by John Klingberg.
0:36 of 3rd period - Stopped by Jhonas Enroth with a rebound.
0:38 of 3rd period - Slapshot by Martins Karsums.
0:38 of 3rd period - Shot Misses the Net.
0:40 of 3rd period - Wrist shot by Charlie Coyle.
0:40 of 3rd period - Deflect By Robbie Earl.
0:40 of 3rd period - Shot Misses the Net.
0:40 of 3rd period - Puck is out of play.
0:41 of 3rd period - Evgeny Grachev wins face-off versus Zac Rinaldo in Monarchs zone.
0:56 of 3rd period - Snap shot by Riley Cote.
0:56 of 3rd period - Shot Blocked by Evgeny Grachev.
1:02 of 3rd period - Minor Penalty to Matt Corrente for Hooking.
1:03 of 3rd period - Johnny Gaudreau wins face-off versus Evgeny Grachev in Influenza zone.
1:14 of 3rd period - Slapshot by Alec Martinez.
1:14 of 3rd period - Deflect By Shawn Matthias.
1:14 of 3rd period - Shot Hit the Post.
1:14 of 3rd period - Puck is out of play.
1:15 of 3rd period - Shawn Matthias wins face-off versus Evgeny Grachev in Influenza zone.
3:02 of 3rd period - Penalty to Matt Corrente is over, Matt Corrente is back on ice.
3:15 of 3rd period - Ryan White is hit by Jamie Benn and loses puck.
3:20 of 3rd period - Wrist shot by Jamie Benn.
3:20 of 3rd period - Stopped by Jhonas Enroth without a rebound.
3:21 of 3rd period - Zac Rinaldo wins face-off versus Charlie Coyle in Monarchs zone.
3:21 of 3rd period - Zac Rinaldo is hit by Mathieu Carle.
3:26 of 3rd period - Minor Penalty to Martins Karsums for Tripping.
3:27 of 3rd period - Shawn Matthias wins face-off versus Evgeny Grachev in Influenza zone.
3:27 of 3rd period - Snap shot by Johnny Gaudreau.
3:27 of 3rd period - Deflect By Shawn Matthias.
3:27 of 3rd period - Goal by Shawn Matthias - Monarchs : 3 - Influenza : 2.
3:28 of 3rd period - Kyle Clifford wins face-off versus Evgeny Grachev in neutral zone.
3:35 of 3rd period - Snap shot by Ben Smith.
3:35 of 3rd period - Shot Blocked by Matt Tennyson.
3:37 of 3rd period - Slapshot by Mathieu Carle.
3:37 of 3rd period - Stopped by Jhonas Enroth with a rebound.
3:41 of 3rd period - Snap shot by Evgeny Grachev.
3:41 of 3rd period - Stopped by Jhonas Enroth with a rebound.
3:43 of 3rd period - Slapshot by John Klingberg.
3:43 of 3rd period - Stopped by Jhonas Enroth without a rebound.
3:44 of 3rd period - Tyler Toffoli wins face-off versus Charlie Coyle in Monarchs zone.
4:11 of 3rd period - Matt Irwin is hit by Evgeny Grachev and loses puck.
5:00 of 3rd period - Minor Penalty to Justin Faulk for Holding.
5:01 of 3rd period - Riley Cote wins face-off versus Evgeny Grachev in Monarchs zone.
5:36 of 3rd period - Snap shot by Ben Smith.
5:36 of 3rd period - Stopped by Jhonas Enroth without a rebound.
5:37 of 3rd period - Evgeny Grachev wins face-off versus Riley Cote in Monarchs zone.
5:52 of 3rd period - Slapshot by Martins Karsums.
5:52 of 3rd period - Deflect By Jamie Benn.
5:52 of 3rd period - Shot Misses the Net.
5:52 of 3rd period - Puck is out of play.
5:53 of 3rd period - Evgeny Grachev wins face-off versus Riley Cote in Monarchs zone.
6:35 of 3rd period - Wrist shot by Jamie Benn.
6:35 of 3rd period - Stopped by Jhonas Enroth with a rebound.
7:00 of 3rd period - Penalty to Justin Faulk is over, Justin Faulk is back on ice.
7:19 of 3rd period - Icing by Jordan Schroeder.
7:20 of 3rd period - Jordan Schroeder wins face-off versus Shawn Matthias in Influenza zone.
8:30 of 3rd period - Andreas Engqvist is hit by Tyler McNeely and loses puck.
8:37 of 3rd period - Slapshot by Justin Faulk.
8:37 of 3rd period - Deflect By Carl Gunnarsson.
8:37 of 3rd period - Stopped by Olivier Roy with a rebound.
8:39 of 3rd period - Snap shot by Ryan White.
8:39 of 3rd period - Deflect By Tyler McNeely.
8:39 of 3rd period - Stopped by Olivier Roy with a rebound.
8:57 of 3rd period - Justin Faulk is hit by Jordan Schroeder and loses puck.
9:12 of 3rd period - Slapshot by Justin Faulk.
9:12 of 3rd period - Shot Blocked by Jamie Benn.
9:26 of 3rd period - Wrist shot by Tyler McNeely.
9:26 of 3rd period - Shot Misses the Net.
9:28 of 3rd period - Snap shot by Alec Martinez.
9:28 of 3rd period - Shot Misses the Net.
9:30 of 3rd period - Slapshot by Justin Faulk.
9:30 of 3rd period - Shot Blocked by Mathieu Carle.
9:32 of 3rd period - Snap shot by Tyler McNeely.
9:32 of 3rd period - Shot Blocked by Mathieu Carle.
9:34 of 3rd period - Slapshot by Alec Martinez.
9:34 of 3rd period - Deflect By Tyler McNeely.
9:34 of 3rd period - Stopped by Olivier Roy with a rebound.
9:36 of 3rd period - Slapshot by Justin Faulk.
9:36 of 3rd period - Stopped by Olivier Roy with a rebound.
9:46 of 3rd period - Snap shot by Ryan White.
9:46 of 3rd period - Shot Blocked by John Klingberg.
9:48 of 3rd period - Snap shot by Ryan White.
9:48 of 3rd period - Stopped by Olivier Roy without a rebound.
9:49 of 3rd period - Charlie Coyle wins face-off versus Shawn Matthias in Influenza zone.
10:14 of 3rd period - Mika Zibanejad is hit by Andreas Engqvist and loses puck.
10:39 of 3rd period - Slapshot by Zac Rinaldo.
10:39 of 3rd period - Stopped by Olivier Roy without a rebound.
10:40 of 3rd period - Jordan Schroeder wins face-off versus Zac Rinaldo in Influenza zone.
10:45 of 3rd period - Slapshot by John Klingberg.
10:45 of 3rd period - Shot Blocked by Matt Tennyson.
11:12 of 3rd period - Slapshot by Matt Corrente.
11:12 of 3rd period - Shot Misses the Net.
11:14 of 3rd period - Wrist shot by T.J Galiardi.
11:14 of 3rd period - Shot Blocked by Theo Peckham.
11:16 of 3rd period - Snap shot by Jordan Schroeder.
11:16 of 3rd period - Shot Misses the Net.
11:26 of 3rd period - Jordan Schroeder is hit by Mark Stone and loses puck.
11:35 of 3rd period - Wrist shot by Tim Erixon.
11:35 of 3rd period - Shot Misses the Net.
11:47 of 3rd period - Snap shot by Zac Rinaldo.
11:47 of 3rd period - Shot Misses the Net.
11:49 of 3rd period - Slapshot by Tom Gilbert.
11:49 of 3rd period - Stopped by Olivier Roy without a rebound.
11:50 of 3rd period - Evgeny Grachev wins face-off versus Shawn Matthias in Influenza zone.
12:15 of 3rd period - Carl Gunnarsson is hit by Mika Zibanejad and loses puck.
12:30 of 3rd period - Johnny Gaudreau is hit by Robbie Earl and loses puck.
12:43 of 3rd period - Carl Gunnarsson is hit by Alexandre Grenier and loses puck.
13:00 of 3rd period - Icing by John Klingberg.
13:01 of 3rd period - Andreas Engqvist wins face-off versus Shawn Matthias in Influenza zone.
13:01 of 3rd period - Andreas Engqvist is hit by Justin Williams.
13:09 of 3rd period - Slapshot by John Klingberg.
13:09 of 3rd period - Shot Misses the Net.
13:11 of 3rd period - Minor Penalty to Kyle Clifford for Hooking.
13:12 of 3rd period - Riley Cote wins face-off versus Evgeny Grachev in Monarchs zone.
13:53 of 3rd period - Wrist shot by Robbie Earl.
13:53 of 3rd period - Deflect By Shawn Matthias.
13:53 of 3rd period - Stopped by Jhonas Enroth with a rebound.
15:11 of 3rd period - Penalty to Kyle Clifford is over, Kyle Clifford is back on ice.
15:26 of 3rd period - Snap shot by T.J Galiardi.
15:26 of 3rd period - Stopped by Jhonas Enroth without a rebound.
15:27 of 3rd period - Andreas Engqvist wins face-off versus Mika Zibanejad in Monarchs zone.
15:34 of 3rd period - Wrist shot by Justin Faulk.
15:34 of 3rd period - Deflect By Mika Zibanejad.
15:34 of 3rd period - Stopped by Olivier Roy with a rebound.
15:36 of 3rd period - Slapshot by Justin Faulk.
15:36 of 3rd period - Shot Misses the Net.
15:38 of 3rd period - Slapshot by Alec Martinez.
15:38 of 3rd period - Stopped by Olivier Roy without a rebound.
15:39 of 3rd period - Jordan Schroeder wins face-off versus Zac Rinaldo in Influenza zone.
15:46 of 3rd period - Snap shot by Jeremy Morin.
15:46 of 3rd period - Shot Misses the Net.
15:48 of 3rd period - Wrist shot by Mathieu Carle.
15:48 of 3rd period - Stopped by Jhonas Enroth with a rebound.
15:50 of 3rd period - Wrist shot by Jordan Schroeder.
15:50 of 3rd period - Shot Blocked by Matt Tennyson.
16:00 of 3rd period - Minor Penalty to Zac Rinaldo for Roughing.
16:01 of 3rd period - Evgeny Grachev wins face-off versus Riley Cote in Monarchs zone.
16:06 of 3rd period - Snap shot by Evgeny Grachev.
16:06 of 3rd period - Stopped by Jhonas Enroth with a rebound.
16:08 of 3rd period - Snap shot by Martins Karsums.
16:08 of 3rd period - Shot Misses the Net.
16:10 of 3rd period - Snap shot by Martins Karsums.
16:10 of 3rd period - Goal by Martins Karsums - Monarchs : 3 - Influenza : 3.
16:11 of 3rd period - Evgeny Grachev wins face-off versus Zac Rinaldo in neutral zone.
16:17 of 3rd period - Icing by Matt Irwin.
16:18 of 3rd period - Evgeny Grachev wins face-off versus Zac Rinaldo in Monarchs zone.
16:27 of 3rd period - Snap shot by Riley Cote.
16:27 of 3rd period - Stopped by Olivier Roy without a rebound.
16:28 of 3rd period - Evgeny Grachev wins face-off versus Zac Rinaldo in Influenza zone.
16:28 of 3rd period - Evgeny Grachev is hit by Zac Rinaldo.
16:40 of 3rd period - Slapshot by Jamie Benn.
16:40 of 3rd period - Stopped by Jhonas Enroth without a rebound.
16:41 of 3rd period - Zac Rinaldo wins face-off versus Evgeny Grachev in Monarchs zone.
16:43 of 3rd period - Minor Penalty to Zac Rinaldo for Tripping.
16:44 of 3rd period - Riley Cote wins face-off versus Evgeny Grachev in Monarchs zone.
17:38 of 3rd period - Riley Cote is hit by Ben Smith and loses puck.
18:20 of 3rd period - Theo Peckham is hit by Jamie Benn and loses puck.
18:43 of 3rd period - Penalty to Zac Rinaldo is over, Zac Rinaldo is back on ice.
19:01 of 3rd period - Justin Williams is hit by Ryan Russell and loses puck.
Goals for this period are 1 for Monarchs vs 1 for Influenza.
Shots for this period are 11 for Monarchs vs 16 for Influenza.
Overtime #1
0:01 of 1st overtime period - Riley Cote wins face-off versus Evgeny Grachev in neutral zone.
0:10 of 1st overtime period - Wrist shot by Justin Williams.
0:10 of 1st overtime period - Stopped by Olivier Roy with a rebound.
0:12 of 1st overtime period - Slapshot by Alec Martinez.
0:12 of 1st overtime period - Stopped by Olivier Roy with a rebound.
0:14 of 1st overtime period - Slapshot by Alec Martinez.
0:14 of 1st overtime period - Shot Misses the Net.
0:16 of 1st overtime period - Snap shot by Riley Cote.
0:16 of 1st overtime period - Stopped by Olivier Roy with a rebound.
0:54 of 1st overtime period - Slapshot by Matt Irwin.
0:54 of 1st overtime period - Stopped by Olivier Roy with a rebound.
0:56 of 1st overtime period - Snap shot by Johnny Gaudreau.
0:56 of 1st overtime period - Shot Misses the Net.
1:40 of 1st overtime period - Evgeny Grachev is hit by Mika Zibanejad and loses puck.
2:28 of 1st overtime period - Johnny Gaudreau is hit by Carl Gunnarsson and loses puck.
2:37 of 1st overtime period - Evgeny Grachev is hit by Johnny Gaudreau and loses puck.
Goals for this period are 0 for Monarchs vs 0 for Influenza.
Shots for this period are 4 for Monarchs vs 0 for Influenza.
ShootOut
5:00 of 1st overtime period - Penalty Shot by Riley Cote for Monarchs .
5:00 of 1st overtime period - Snap shot by Riley Cote.
5:00 of 1st overtime period - Stopped by Olivier Roy.
5:00 of 1st overtime period - Penalty Shot by Jamie Benn for Influenza.
5:00 of 1st overtime period - Deke by Jamie Benn.
5:00 of 1st overtime period - Stopped by Jhonas Enroth.
5:00 of 1st overtime period - Penalty Shot by Justin Williams for Monarchs .
5:00 of 1st overtime period - Snap shot by Justin Williams.
5:00 of 1st overtime period - Shot Misses the Net.
5:00 of 1st overtime period - Penalty Shot by Robbie Earl for Influenza.
5:00 of 1st overtime period - Snap shot by Robbie Earl.
5:00 of 1st overtime period - Stopped by Jhonas Enroth.
5:00 of 1st overtime period - Penalty Shot by Matt Irwin for Monarchs .
5:00 of 1st overtime period - Deke by Matt Irwin.
5:00 of 1st overtime period - Stopped by Olivier Roy.
5:00 of 1st overtime period - Penalty Shot by Ben Smith for Influenza.
5:00 of 1st overtime period - Backhand shot by Ben Smith.
5:00 of 1st overtime period - Stopped by Jhonas Enroth.
5:00 of 1st overtime period - Penalty Shot by Shawn Matthias for Monarchs .
5:00 of 1st overtime period - Deke by Shawn Matthias.
5:00 of 1st overtime period - Shot Misses the Net.
5:00 of 1st overtime period - Penalty Shot by John Klingberg for Influenza.
5:00 of 1st overtime period - Deke by John Klingberg.
5:00 of 1st overtime period - Goal by John Klingberg.
Back to the Top